Map: Ascension to Aiur LE

Players

MaNa - Winner!

  • Race: Protoss Protoss
  • Spawn Location: 11:00

Pono

  • Race: Zerg Zerg
  • Spawn Location: 5:00

Event: WCS Montreal 2017

VOD

Have the link to the VOD?

Description

Time

  • Played on: Sept. 8, 2017, 11:15 a.m.
  • Length: 6:38

All games in this series

Show
View Real Time Build Order
Export as new Build Order

MaNa Protoss - Winner!

Build Orders: 1 Gate Expand, Oracle Opening 

Get SALT Encoding   

  12  0:00  Probe (Chrono Boost)  
  13  0:11  Probe (Chrono Boost)  
  14  0:17  Pylon  
  14  0:22  Probe (Chrono Boost)  
  15  0:35  Probe (Chrono Boost)  
  16  0:39  Gateway  
  16  0:46  Probe (Chrono Boost)  
  16  0:48  Assimilator  
  17  0:56  Probe (Chrono Boost)  
  18  1:07  Probe (Chrono Boost)  
  19  1:25  Nexus  
  19  1:34  Cybernetics Core  
  19  1:38  Probe (Chrono Boost)  
  20  1:44  Zealot (Chrono Boost)  
  22  1:50  Probe  
  23  1:56  Pylon  
  23  2:03  Assimilator  
  23  2:14  Probe (Chrono Boost), Adept (Chrono Boost)  
  26  2:26  Probe (Chrono Boost)  
  27  2:35  Stargate  
  27  2:38  Probe x2 (Chrono Boost)  
  27  2:41  Adept  
  31  2:49  Probe (Chrono Boost), Warp Gate  
  32  2:52  Probe (Chrono Boost)  
  33  2:59  Probe (Chrono Boost)  
  33  3:03  Probe (Chrono Boost)  
  35  3:09  Gateway  
  35  3:12  Probe (Chrono Boost)  
  36  3:13  Probe (Chrono Boost)  
  37  3:22  Probe x2 (Chrono Boost)  
  37  3:23  Oracle (Chrono Boost)  
  42  3:32  Adept  
  42  3:33  Probe  
  42  3:34  Probe  
  45  3:40  Pylon  
  46  3:45  Pylon  
  46  3:55  Assimilator  
  46  3:57  Probe  
  46  3:58  Probe  
  46  3:59  Void Ray (Chrono Boost)  
  52  4:07  Probe  
  53  4:10  Probe  
  53  4:12  Pylon  
  54  4:18  Probe  
  54  4:23  Probe  
  56  4:27  Nexus  
  56  4:28  Probe  
  57  4:35  Probe  
  57  4:37  Oracle (Chrono Boost)  
  61  4:40  Assimilator  
  61  4:43  Stargate, Probe  
  62  4:47  Probe  
  62  4:49  Pylon  
  63  4:53  Probe  
  63  4:59  Probe  
  65  5:04  Probe  
  66  5:11  Probe, Oracle (Chrono Boost)  
  70  5:14  Probe  
  70  5:21  Pylon  
  71  5:23  Probe  
  71  5:26  Probe  
  71  5:27  Oracle (Chrono Boost)  
  76  5:35  Probe  
  77  5:38  Probe x2  
  77  5:39  Adept x2  
  83  5:47  Probe  
  83  5:48  Probe, Oracle (Chrono Boost)  
  87  5:50  Probe  
  89  5:59  Probe x2  
  89  6:01  Adept x2, Oracle (Chrono Boost)  
  89  6:03  Probe  
  99  6:09  Gateway  
  99  6:10  Probe, Pylon  
  99  6:11  Probe, Pylon  
  99  6:12  Gateway  
  99  6:18  Forge x2  
  101  6:24  Twilight Council  
  101  6:25  Pylon  
  101  6:27  Assimilator  
  101  6:28  Assimilator  
Show
View Real Time Build Order
Export as new Build Order

Pono Zerg 

Build Orders: Pool First 

Get SALT Encoding   

  12  0:05  Drone  
  13  0:12  Overlord  
  13  0:17  Drone  
  14  0:30  Drone x2  
  16  0:37  Drone  
  17  0:46  Spawning Pool  
  16  0:51  Drone  
  17  0:58  Drone  
  18  1:32  Hatchery  
  17  1:34  Zergling x4  
  17  1:35  Queen  
  17  1:39  Extractor  
  20  1:40  Overlord  
  20  1:54  Drone  
  20  1:57  Drone  
  22  2:09  Hatchery  
  21  2:16  Drone  
  22  2:40  Drone x3  
  22  2:43  Queen  
  27  2:47  Drone  
  28  2:53  Drone x2  
  29  3:01  Drone x2  
  31  3:08  Overlord  
  31  3:15  Queen  
  31  3:19  Queen  
  35  3:23  Spore Crawler  
  35  3:25  Drone  
  34  3:33  Metabolic Boost  
  32  3:38  Drone  
  32  3:39  Drone  
  34  3:47  Spore Crawler  
  32  3:51  Drone x3  
  35  4:01  Drone x3  
  37  4:02  Drone  
  35  4:11  Drone  
  35  4:15  Zergling x2  
  35  4:19  Spore Crawler  
  35  4:22  Zergling x2  
  35  4:37  Queen  
  37  4:38  Zergling x4  
  37  4:39  Zergling x2  
  40  4:48  Zergling x6  
  43  5:11  Overlord x2  
  42  5:25  Overlord  
  42  5:33  Overlord, Drone  
  42  5:34  Drone x8  
  48  5:55  Drone x5  
  48  5:56  Drone  
  51  6:07  Drone x4  
  51  6:08  Drone  
  56  6:19  Baneling Nest, Drone x3  
  56  6:20  Drone  
  56  6:25  Spore Crawler  
Tags
 
Add a new tag
Caveats
  • Supply blocks, unpowered buildings, or Contaminate may cause inaccurate times.
  • Supply counts are checked every 10 seconds.